 Dungeon Crawl Stone Soup version 0.30.0-20-g3b4254fcbd (webtiles) character file.

Game seed: 4075470114602896270

86 Irreverend the Ruffian (level 4, -1/36 HPs)
             Began as a Hill Orc Transmuter on June 3, 2023.
             Slain by a gnoll
             ... wielding a +0 whip
              (4 damage)
             ... on level 3 of the Dungeon.
             The game lasted 00:02:43 (2339 turns).

Irreverend the Ruffian (Hill Orc Transmuter)        Turns: 2339, Time: 00:02:44

Health: -1/36      AC:  9    Str: 12    XL:     4   Next: 50%
Magic:  4/7        EV:  8    Int: 15    God:
Gold:   117        SH:  0    Dex: 11    Spells: 6/7 levels left

rFire   + +          .
                       - Unarmed
rCold   x . .        (no shield)
rNeg    . . .        d - +0 fire dragon scales
rPois   +            (helmet currently unavailable)
rElec   .            (no cloak)
rCorr   .            h - +0 pair of gloves
SInv    .            (boots currently unavailable)
Will    .....        (no amulet) Stlth
                     g - ring of poison resistance
HPRegen 0.26/turn    (no ring)
MPRegen 0.10/turn

%: no passive effects
@: appendages, very slightly contaminated
A: horns 2, talons 2
a: End Transformation


You were on level 3 of the Dungeon.
You had temporarily grown beastly horns and talons.
You visited 1 branch of the dungeon, and saw 3 of its levels.

You collected 117 gold pieces.

Inventory:

Armour
 a - a +0 robe
 d - +0 fire dragon scales (worn)
 h - a +0 pair of gloves (worn)
Jewellery
 g - a ring of poison resistance (left hand)
Scrolls
 c - 2 scrolls of amnesia {unknown}
 e - 4 scrolls of identify {unknown}
 f - a scroll of magic mapping {unknown}
 i - a scroll of vulnerability {unknown}
 m - a scroll of blinking {unknown}
Potions
 b - a potion of lignification
 j - a potion of curing {unknown}
 k - a potion of haste {unknown}
 l - a potion of brilliance {unknown}


   Skills:
 + Level 2.1 Fighting
 + Level 2.0 Dodging
 * Level 4.2 Unarmed Combat
 + Level 2.0 Spellcasting
 + Level 1.9 Transmutations


You had 6 spell levels left.
You knew the following spells:

 Your Spells              Type           Power      Damage    Failure   Level
a - Beastly Appendage     Tmut           14%        N/A       63%         1

Your spell library contained the following spells:

 Spells                   Type           Power      Damage    Failure   Level
 Wereblood                Tmut           7%         N/A       77%         2
 Necrotise                Necr           4%         1d4       87%         1
 Spider Form              Tmut/Pois      4%         N/A       98%         3
 Vampiric Draining        Necr           1%         2d6       99%         3
 Vhi's Electric Charge    Tloc/Air       2%         N/A       99%         3
 Ice Form                 Ice/Tmut       4%         N/A       100%        4
 Agony                    Necr           1%         N/A       100%        5
 Arcjolt                  Conj/Air       0%         1d10      100%        5
 Maxwell's Capacitive Co  Air            0%         ∞         100%        8


Dungeon Overview and Level Annotations

Branches:
Dungeon (3/15)

Altars:


Innate Abilities, Weirdness & Mutations

You have temporarily grown beastly horns and talons.


Message History

The rat closely misses you. The gnoll hits you with a +0 whip.
The gnoll hits you with a +0 flail.
You are too injured to fight recklessly!
You are too injured to fight recklessly!
You are too injured to fight recklessly!
You are too injured to fight recklessly!
You are too injured to fight recklessly!
You are too injured to fight recklessly!
You are too injured to fight recklessly!
You are too injured to fight recklessly!
You are too injured to fight recklessly!
You are too injured to fight recklessly!
You are too injured to fight recklessly!
You are too injured to fight recklessly!
You are too injured to fight recklessly!
You are too injured to fight recklessly!
You are too injured to fight recklessly!
You are too injured to fight recklessly!
You are too injured to fight recklessly!
You are too injured to fight recklessly!
You are too injured to fight recklessly!
You barely miss the gnoll. Your kick misses the gnoll.
The gnoll is severely wounded.
The rat bites you but does no damage. The gnoll hits you with a +0 whip.
The gnoll hits you with a +0 flail!
* * * LOW HITPOINT WARNING * * *
You hit the gnoll. You claw the gnoll.
You kill the gnoll!
The rat barely misses you. The gnoll hits you but does no damage.
You hit the gnoll. You claw the gnoll.
The gnoll is heavily wounded.
The rat barely misses you. The gnoll hits you with a +0 whip.
* * * LOW HITPOINT WARNING * * *
You hit the gnoll. You claw the gnoll, but do no damage.
The gnoll is severely wounded.
The rat barely misses you. The gnoll closely misses you.
You barely miss the gnoll.
The gnoll is severely wounded.
The rat closely misses you. The gnoll hits you with a +0 whip.
You die...

....# ######### #.
.......># #.#.# ##
.....##.# #.#.#.# ..
.....##.# #.#.#.###.##
........#.#.#.#....<.
........#.#........#####
#.......#.#....gr)......
#.......#.#.....@..#
#....##.#.#........#
#....##.#.#....)...#
#....##.#.#......###
#....##...#....$.#
#....##........###
#..............#
#....##........# ...
#.#+#+####


You could see a gnoll and a rat.

Vanquished Creatures
  A gnoll (D:3)
  An adder (D:2)
  A worm (D:3)
  A dart slug (D:1)
  4 orcs (D:3)
  4 bats
  4 endoplasms
  4 giant cockroaches
  6 goblins (D:2)
  5 hobgoblins
  4 jackals (D:2)
  7 kobolds
  4 ball pythons
  4 frilled lizards
  5 rats
55 creatures vanquished.

Notes
Turn   | Place    | Note
-------+----------+-------------------------------------------
     0 | D:1      | Irreverend the Hill Orc Transmuter began the quest for the
                  | Orb.
     0 | D:1      | Reached XP level 1. HP: 16/16 MP: 3/3
   239 | D:1      | Reached XP level 2. HP: 23/23 MP: 4/4
  1375 | D:2      | Reached XP level 3. HP: 29/29 MP: 5/5
  1572 | D:2      | Identified the +0 scale mail "Icagic" {Drain Str+7}
  1897 | D:2      | Reached skill level 4 in Unarmed Combat
  1993 | D:2      | Reached XP level 4. HP: 36/36 MP: 6/6
  2339 | D:3      | Slain by a gnoll

Illustrated notes

Levels and vault maps discovered:
D:1:      scummos_arrival_gate, layout_basic, st_stairs_12
D:2:      minmay_recursive_quarters, layout_basic,
          minmay_randomly_rotated_circles
D:3:      layout_basic, mainiacjoe_overflow_swirl, serial_shops, shop

Skill      XL: |  1  2  3  4 |
---------------+-------------+-----
Fighting       | 2 |  2.1
Unarmed Combat | 4 |  4.2
Dodging        | 2 |  2.0
Spellcasting   | 2 |  2.0
Transmutations | |  1.9

Action                     |  1- 3 |  4- 6 || total
---------------------------+-------+-------++-------
  Melee: Unarmed           |   151 |    52 ||   203
         Punch             |     3 |       ||     3
         Kick              |     2 |     9 ||    11
         Headbutt          |     1 |     2 ||     3
   Cast: Beastly Appendage |     1 |     2 ||     3
 Armour: Fire dragon scale |    80 |    23 ||   103
  Dodge: Dodged            |    77 |    27 ||   104
